 Dungeon Sprint DCSS version 0.19.5 (webtiles) character file.

7034 potatolord6000 the Fencer (level 10, -3/85 HPs)
             Began as a High Elf Gladiator on May 17, 2017.
             Was an Initiate of Gozag.
             Slain by a catoblepas (15 damage)
             ... in the Dungeon (Sprint IX: "|||||||||||||||||||||||||||||").
             The game lasted 00:06:32 (1381 turns).

potatolord6000 the Fencer (High Elf Gladiator)      Turns: 1381, Time: 00:06:32

Health: -3/85      AC:  7    Str: 19    XL:     10   Next: 83%
Magic:  11/11      EV:  2    Int: 12    God:    Gozag
Gold:   42         SH:  0    Dex: 27    Spells: 0 memorised, 9 levels left

rFire  . . .     SeeInvis .     j - +2 scimitar (flame)
rCold  . . .     Gourm    .     b - +0 leather armour
rNeg   + + +     Faith    .     (no shield)
rPois  ∞         Spirit   .     c - +0 helmet
rElec  .         Reflect  .     (no cloak)
rCorr  .         Harm     .     o - +2 pair of gloves {archery}
MR     +....     NoTele   +     (no boots)
Stlth  ++........               d - amulet of Okesaula {RegenMP +Fly rPois Dex+4}
                                l - +2 ring of evasion
                                m - +3 ring of dexterity

@: mighty, petrified
A: no striking features
a: Potion Petition, Call Merchant, Bribe Branch, Renounce Religion, Evoke Flight


You were in the Dungeon.
You worshipped Gozag.
Gozag was noncommittal.
You were not hungry.

You visited 1 branch You collected 2736 gold pieces.
You spent 1554 gold pieces at shops.
You paid 1140 gold pieces to Gozag.

Inventory:

Hand Weapons
 j - a +2 scimitar of flaming (weapon)
Armour
 b - a +0 leather armour (worn)
 c - a +0 helmet (worn)
 o - a +2 pair of gloves of archery (worn)
Jewellery
 d - the amulet of Okesaula (around neck) {RegenMP +Fly rPois Dex+4}
   (You bought it in a shop in the Dungeon)

   [amulet of magic regeneration]

   It increases your magic regeneration.
   It affects your dexterity (+4).
   It protects you from poison.
   It lets you fly.
 l - a +2 ring of evasion (right hand)
 m - a +3 ring of dexterity (left hand)
Scrolls
 f - 4 scrolls of remove curse
 h - 2 scrolls of amnesia
 k - 3 scrolls of blinking
 q - a scroll of identify
 s - a scroll of fog
 t - 2 scrolls of enchant weapon
 u - a scroll of recharging
Potions
 e - 4 potions of curing
 i - 4 potions of magic
 n - 2 potions of heal wounds


   Skills:
 + Level 14.8 Fighting
 + Level 17.2 Long Blades
 - Level 2.0 Throwing
 + Level 16.1 Dodging


You had 9 spell levels left.
You didn't know any spells.

Dungeon Overview and Level Annotations

Branches:
Dungeon (1/1)

Altars:
Cheibriados
Dithmenos
Elyvilon
Fedhas
Gozag
Hepliaklqana
Kikubaaqudgha
Makhleb
Nemelex Xobeh
Okawaru
Qazlal
Ru
Sif Muna
Trog
Uskayaw
Vehumet
Xom
Yredelemnul
Zin
The Shining One
Beogh
Jiyva
Lugonu

Shops:
D [=


Message History

The blast of calcifying dust hits you!
Your limbs are stiffening.
Unknown command.
You completely miss the catoblepas.
The catoblepas is almost dead.
You are engulfed in calcifying dust.
Your limbs have turned to stone.
The catoblepas breathes a plume of calcifying dust at you.
The blast of calcifying dust hits you!
You have turned to stone.
You are engulfed in calcifying dust.
The catoblepas gores you. The catoblepas gores you! The catoblepas gores you!!
* * * LOW HITPOINT WARNING * * *
The catoblepas breathes a plume of calcifying dust at you.
The blast of calcifying dust hits you!
You are engulfed in calcifying dust.
The catoblepas gores you!
* * * LOW HITPOINT WARNING * * *
You are engulfed in calcifying dust.
The catoblepas gores you.
* * * LOW HITPOINT WARNING * * *
You are engulfed in calcifying dust.
The catoblepas gores you!!
You die...
Your body crumbles into a pile of gold.

$
▓.▓.▓_▓
$
▓.▓.▓_▓
$
▓.▓.▓_▓
$
▓∩▓.▓_▓
$
▓[▓.▓_▓
$
▓§▓.▓_▓
$
▓.▓.▓_▓
$
▓§▓.▓_▓
▓@▓.▓.▓
$
▓Y▓.▓'▓
$
▓Y▓.▓.▓
$
▓.▓.▓.▓
$
▓.▓.▓/▓
$
▓.▓.▓)▓
▓.▓.▓.▓
$
▓.▓.▓(▓
▓Y▓.▓[▓


You could see a catoblepas and a yak.

Vanquished Creatures
  2 hydras (D)
  3 death yaks (D)
  An elephant (D)
  A spiny frog (D)
  A rime drake (D)
  A komodo dragon (D)
  A troll (D)
  2 hippogriffs (D)
  2 blink frogs (D)
  4 yaks (D)
  2 water moccasins (D)
  3 porcupines (D)
  An ogre (D)
  A sky beast (D)
  A centaur (D)
  4 bullfrogs (D)
  A scorpion (D)
  2 killer bees (D)
  A hound (D)
  2 worker ants (D)
  A shadow imp (D)
  A leopard gecko (D)
  An orc (D)
  A bat zombie (D)
  2 goblins (D)
  2 frilled lizards (D)
  A leopard gecko zombie (D)
  A rat (D)
46 creatures vanquished.

Notes
Turn   | Place    | Note
-------+----------+-------------------------------------------
     0 | D        | potatolord6000 the High Elf Gladiator began the quest for the Orb.
     0 | D        | Reached XP level 1. HP: 14/14 MP: 2/2
    18 | D        | Reached skill level 4 in Long Blades
   111 | D        | Noticed an ogre
   111 | D        | Noticed a worker ant
   111 | D        | Noticed a worker ant
   117 | D        | Killed an ogre
   117 | D        | Reached skill level 5 in Fighting
   117 | D        | Reached skill level 6 in Long Blades
   117 | D        | Reached XP level 2. HP: 18/24 MP: 3/3
   117 | D        | Reached XP level 3. HP: 22/29 MP: 4/4
   117 | D        | Reached XP level 4. HP: 27/35 MP: 5/5
   121 | D        | Reached skill level 7 in Long Blades
   135 | D        | Found a roughly hewn altar of Beogh.
   135 | D        | Found a snail-covered altar of Cheibriados.
   135 | D        | Found a shadowy altar of Dithmenos.
   135 | D        | Found a white marble altar of Elyvilon.
   135 | D        | Found a blossoming altar of Fedhas.
   135 | D        | Found an opulent altar of Gozag.
   136 | D        | Found a hazy altar of Hepliaklqana.
   137 | D        | Found a viscous altar of Jiyva.
   138 | D        | Found an ancient bone altar of Kikubaaqudgha.
   139 | D        | Found a corrupted altar of Lugonu.
   140 | D        | Found a burning altar of Makhleb.
   141 | D        | Found a sparkling altar of Nemelex Xobeh.
   142 | D        | Found an iron altar of Okawaru.
   143 | D        | Became a worshipper of Gozag Ym Sagoz the Greedy
   144 | D        | Found a stormy altar of Qazlal.
   145 | D        | Found a sacrificial altar of Ru.
   146 | D        | Found a deep blue altar of Sif Muna.
   149 | D        | Found a bloodstained altar of Trog.
   150 | D        | Found a hide-covered altar of Uskayaw.
   151 | D        | Found a radiant altar of Vehumet.
   152 | D        | Found a shimmering altar of Xom.
   153 | D        | Found a basalt altar of Yredelemnul.
   154 | D        | Found a glowing silver altar of Zin.
   155 | D        | Found a glowing golden altar of the Shining One.
   341 | D        | Noticed a bullfrog
   341 | D        | Noticed a troll
   341 | D        | Noticed a centaur
   343 | D        | Killed a bullfrog
   343 | D        | Reached skill level 8 in Long Blades
   343 | D        | Reached XP level 5. HP: 42/42 MP: 6/6
   354 | D        | Killed a troll
   354 | D        | Reached skill level 10 in Long Blades
   354 | D        | Reached XP level 6. HP: 37/51 MP: 7/7
   364 | D        | Reached skill level 11 in Long Blades
   364 | D        | Reached skill level 10 in Dodging
   364 | D        | Reached XP level 7. HP: 38/57 MP: 8/8
   393 | D        | Noticed a four-headed hydra
   399 | D        | Killed a one-headed hydra
   399 | D        | Reached skill level 10 in Fighting
   399 | D        | Reached skill level 12 in Long Blades
   399 | D        | Reached XP level 8. HP: 20/66 MP: 9/9
   413 | D        | Reached skill level 13 in Long Blades
   745 | D        | Noticed a spiny frog
   745 | D        | Noticed a rime drake
   745 | D        | Noticed a blink frog
   754 | D        | Killed a spiny frog
   756 | D        | Noticed a komodo dragon
   761 | D        | Killed a rime drake
   761 | D        | Reached XP level 9. HP: 49/73 MP: 10/10
   766 | D        | Reached skill level 14 in Long Blades
   779 | D        | Killed a komodo dragon
   903 | D        | Bought the amulet of Okesaula {RegenMP +Fly rPois Dex+4} for 827 gold pieces
  1010 | D        | Noticed an eight-headed hydra
  1010 | D        | Noticed an elephant
  1017 | D        | Reached skill level 15 in Long Blades
  1029 | D        | Killed a one-headed hydra
  1039 | D        | Reached XP level 10. HP: 18/82 MP: 11/11
  1049 | D        | Killed an elephant
  1052 | D        | Reached skill level 16 in Long Blades
  1054 | D        | Reached skill level 15 in Dodging
  1068 | D        | Bought the +3 chain mail "Silud" {*Corrode MR+ Regen+ Dex+6} for 469 gold pieces
  1068 | D        | Bought a +2 pair of gloves of archery for 258 gold pieces
  1313 | D        | Noticed a death yak
  1313 | D        | Noticed a death yak
  1319 | D        | Noticed a death yak
  1326 | D        | Killed a death yak
  1335 | D        | Killed a death yak
  1350 | D        | Killed a death yak
  1350 | D        | Reached skill level 17 in Long Blades
  1356 | D        | Noticed a catoblepas
  1381 | D        | Slain by a catoblepas

Skill      XL: |  1  2  3  4  5  6  7  8  9 10 |
---------------+-------------------------------+-----
Long Blades    | 6 8 10 11 12 13 15 17 | 17.2
Fighting       | 5 6 8 9 10 11 13 14 | 14.8
Dodging        | 6 8 9 10 11 12 14 16 | 16.1
Throwing       | |  2.0

Action                   |  1- 3 |  4- 6 |  7- 9 | 10-12 || total
-------------------------+-------+-------+-------+-------++-------
Melee: Long sword        |    19 |    10 |       |       ||    29
       Scimitar          |       |    17 |    89 |    61 ||   167
Invok: Call Merchant     |       |       |     1 |     1 ||     2
  Use: Potion            |     2 |     4 |     4 |     3 ||    13
 Stab: Invisible         |       |     2 |     6 |       ||     8
       Distracted        |       |       |     1 |     1 ||     2
  Eat: Bread ration      |     1 |       |       |       ||     1
Armor: Leather armour    |     2 |     3 |     7 |     6 ||    18
Dodge: Dodged            |     9 |    31 |    80 |    33 ||   153
       Rpst.: Long sword |     2 |     1 |       |       ||     3
       Scimitar          |       |     4 |    14 |    12 ||    30
